 Dungeon Crawl Stone Soup version 0.31-a0-229-g1fc7ce93e2 (webtiles) character file.

Game seed: 10478219330481790267

1446 qw the Skirmisher (level 8, -2/49 HPs)
             Began as a Gargoyle Hexslinger on July 6, 2023.
             Slain by a troll (10 damage)
             ... on level 6 of the Dungeon.
             The game lasted 00:02:16 (4079 turns).

qw the Skirmisher (Gargoyle Hexslinger)             Turns: 4079, Time: 00:02:17

Health: -2/49      AC: 17    Str: 13    XL:     8   Next: 75%
Magic:  9/9        EV: 18    Int: 13    God:
Gold:   27         SH:  0    Dex: 14    Spells: 8/9 levels left

rFire   + . .        k - +0 arbalest
rCold   . . .        (shield currently unavailable)
rNeg    + . .        d - +2 leather armour {rF+}
rPois   inf          o - +1 helmet {SInv}
rElec   +            (no cloak)
rCorr   .            a - +0 pair of gloves
SInv    +            (no boots)
Will    .....        h - amulet of faith
Stlth   +            g - +5 ring of evasion
HPRegen 0.28/turn    m - +4 ring of protection
MPRegen 0.11/turn

%: faith
@: no status effects
A: sickness immunity, AC +5, negative energy resistance 1, electricity
resistance, torment resistance 1, petrification resistance
a: no special abilities


You were on level 6 of the Dungeon.
You visited 2 branches of the dungeon, and saw 7 of its levels.

You collected 261 gold pieces.
You spent 234 gold pieces at shops.


Innate Abilities, Weirdness & Mutations

You are immune to sickness and miasma.
Your stone body is resilient. (AC +5)
You are immune to poison.
You resist negative energy. (rN+)
You are resistant to electric shocks. (rElec)
You are resistant to unholy torment.
You are immune to petrification.


   Skills:
 - Level 5.0 Fighting
 + Level 8.1 Ranged Weapons
 - Level 1.3 Armour
 - Level 4.4 Dodging
 - Level 1.0 Spellcasting
 - Level 2.6 Hexes


You had 8 spell levels left.
You knew the following spells:

 Your Spells              Type           Power      Damage    Failure   Level
a - Slow                  Hex            28%        N/A       12%         1

Your spell library contained the following spells:

 Spells                   Type           Power      Damage    Failure   Level
 Inner Flame              Hex/Fire       4%         N/A       52%         3
 Portal Projectile        Hex/Tloc       8%         N/A       52%         3
 Cause Fear               Hex            3%         N/A       75%         4

Inventory:

Hand Weapons
 k - a +0 arbalest (weapon)
Armour
 a - a +0 pair of gloves (worn)
 d - a +2 leather armour of fire resistance (worn)
 o - a +1 helmet of see invisible (worn)
Jewellery
 g - a +5 ring of evasion (left hand)
 h - an amulet of faith (around neck)
 m - a +4 ring of protection (right hand)
Scrolls
 c - a scroll of identify
 q - a scroll of teleportation
Potions
 b - 2 potions of haste
 f - 3 potions of heal wounds
 i - 2 potions of curing
 l - a potion of mutation
 n - a potion of might
 p - a potion of enlightenment
 r - a potion of berserk rage {unknown}

Dungeon Overview and Level Annotations

Branches:
Dungeon (6/15)             Temple (1/1) D:5

Altars:
Ashenzari
Cheibriados
Dithmenos
Elyvilon
Fedhas
Gozag
Hepliaklqana
Kikubaaqudgha
Nemelex Xobeh
Ru
Sif Muna
Trog
Vehumet
Wu Jian
Xom
Yredelemnul
Zin
The Shining One

Shops:
D:6 !

Annotations:
D:2 1 runed translucent door, Crazy Yiuf


Message History

Thank you for shopping at Zoasoudi's Distillery!
4054 ||| BUYING potion of haste (130 gold).
b - 2 potions of haste (gained 1) Thank you for shopping at Zoasoudi's Distillery!
4054 ||| BUYING potion of heal wounds (65 gold).
f - 3 potions of heal wounds (gained 1) Thank you for shopping at Zoasoudi's Distillery!
4054 ||| SHOPLISTING potion of heal wounds (65 gold, have 27).
You can access your shopping list by pressing '$'.
4054 ||| SHOPLISTING potion of might (52 gold, have 27).
You can access your shopping list by pressing '$'.
4054 ||| SHOPLISTING potion of resistance (130 gold, have 27).
You can access your shopping list by pressing '$'.
You see here a staff of death.
A troll comes into view.
The troll shouts!
You shoot a bolt. The bolt hits the troll!
The troll is moderately wounded.
You shoot a bolt.
The bolt hits the troll but does no damage.
The troll is moderately wounded.
You shoot a bolt.
The bolt hits the troll but does no damage.
The troll is lightly wounded.
You shoot a bolt. The bolt barely misses the troll.
The troll bites you! The troll claws you. The troll completely misses you.
You shoot a bolt. The bolt closely misses the troll.
The troll barely misses you. The troll claws you but does no damage.
The troll claws you! The troll barely misses you. x3
You shoot a bolt. The bolt hits the troll!
The troll is moderately wounded.
The troll bites you! The troll completely misses you. The troll misses you.
You shoot a bolt. The bolt closely misses the troll.
The troll bites you but does no damage. The troll claws you.
The troll barely misses you. x2; The troll misses you.
The troll claws you but does no damage.
You shoot a bolt. The bolt closely misses the troll.
The troll bites you! The troll barely misses you.
The troll claws you but does no damage. The troll bites you!
You die...

#.# #. #.# #. ###.# #.
..#.# #. ##.#.# #.
##..#.# ##.###.###
##...#.#
.........########.......
#T@.....|.........#
###.########.....## #.#
##...## #.# #..## #.#
#.## #.. #######.# ...
......#.##### ###
#......... ##.\.#####


You could see a troll.

Vanquished Creatures
  Pikel (D:5)
  Eustachio (D:4)
  2 lemures (D:6)
  2 phantoms (D:5)
  Blork the orc (D:5)
  3 scorpions
  A howler monkey (D:3)
  An orc priest (D:5)
  2 hounds (D:5)
  An orc wizard (D:5)
  2 iguanas
  7 gnolls
  7 adders
  A river rat (D:4)
  2 shadow imps
  An ufetubus (D:5)
  A worm zombie (D:4)
  A worm (D:2)
  4 dart slugs
  12 orcs
  11 ball pythons
  7 endoplasms
  8 giant cockroaches
  2 goblins
  7 hobgoblins
  5 quokkas
  4 bats
  5 frilled lizards
  9 kobolds
  5 rats
116 creatures vanquished.

Notes
Turn   | Place    | Note
-------+----------+-------------------------------------------
     0 | D:1      | qw the Gargoyle Hexslinger began the quest for the Orb.
     0 | D:1      | Reached XP level 1. HP: 12/12 MP: 2/2
     0 | D:1      | 0 ||| qw: Version: 0.3-a-46-gb1f654a
     0 | D:1      | 0 ||| qw: Game counter: 1164
     0 | D:1      | 0 ||| qw: Melee chars always use a shield: true
     0 | D:1      | 0 ||| qw: God list: Okawaru
     0 | D:1      | 0 ||| qw: Allow faded altars: false
     0 | D:1      | 0 ||| qw: Do Orc after clearing Dungeon:15 true
     0 | D:1      | 0 ||| qw: Do second Lair branch before Depths: true
     0 | D:1      | 0 ||| qw: Lair rune preference: random
     0 | D:1      | 0 ||| qw: Goals: Normal
     0 | D:1      | 0 ||| PLANNING D:1-11
    61 | D:1      | Reached XP level 2. HP: 16/16 MP: 3/3
   166 | D:1      | Reached skill level 3 in Ranged Weapons
   647 | D:1      | 647 ||| UPGRADING to +0 leather armour.
   657 | D:1      | 657 ||| DROPPING +0 robe.
   658 | D:1      | 658 ||| UPGRADING to +0 ring mail.
   668 | D:1      | 668 ||| DROPPING +0 leather armour.
   669 | D:1      | 669 ||| UPGRADING to +5 ring of evasion.
   670 | D:1      | 670 ||| READING scroll labelled ONOACW DIFIUR.
   671 | D:1      | 671 ||| READING scroll labelled ADYRUY YG IJOHUPN.
   672 | D:1      | 672 ||| DRINKING 2 purple potions.
   673 | D:1      | 673 ||| DROPPING scroll of poison.
   704 | D:2      | Reached XP level 3. HP: 21/21 MP: 4/4
   995 | D:2      | Found a runed translucent door.
   996 | D:2      | Noticed Crazy Yiuf
  1062 | D:2      | Reached XP level 4. HP: 26/26 MP: 5/5
  1379 | D:2      | 1379 ||| UPGRADING to +0 pair of gloves.
  1384 | D:2      | 1384 ||| UPGRADING to +0 helmet.
  1389 | D:2      | 1389 ||| UPGRADING to +4 ring of protection.
  1390 | D:2      | 1390 ||| READING 3 scrolls labelled BIAPPOUDWO.
  1391 | D:2      | 1391 ||| READING scroll labelled OLIANILAESS.
  1431 | D:2      | 1431 ||| READING scroll labelled MEIRGH XOIK.
  1432 | D:2      | 1432 ||| READING scroll labelled DEJAGHUNLET.
  1433 | D:2      | 1433 ||| READING 2 scrolls of identify.
  1433 | D:2      | 1433 ||| IDENTIFYING fizzy clear potion
  1473 | D:3      | 1473 ||| Stepping ~*~*~tactically~*~*~ (outnumbered).
  1482 | D:3      | Reached skill level 1 in Armour
  1496 | D:3      | Reached skill level 4 in Ranged Weapons
  1497 | D:3      | HP: 6/26 [gnoll/+0 spear (6)]
  1499 | D:3      | HP: 1/26 [gnoll/+0 spear (5)]
  1518 | D:3      | 1518 ||| FLEEEEING.
  1519 | D:3      | 1519 ||| STAIRDANCE
  1689 | D:3      | Reached XP level 5. HP: 30/30 MP: 6/6
  1771 | D:3      | 1771 ||| Stepping ~*~*~tactically~*~*~ (outnumbered).
  1775 | D:3      | 1775 ||| Stepping ~*~*~tactically~*~*~ (outnumbered).
  2046 | D:3      | Reached skill level 5 in Ranged Weapons
  2134 | D:3      | 2134 ||| UPGRADING to +1 helmet of see invisible.
  2144 | D:3      | 2144 ||| DROPPING +0 helmet.
  2145 | D:3      | 2145 ||| UPGRADING to amulet of faith.
  2150 | D:3      | 2150 ||| READING scroll labelled LELUFE DEDE.
  2151 | D:3      | 2151 ||| READING scroll labelled ESENLO AVACICRYA.
  2152 | D:3      | 2152 ||| READING 3 scrolls of identify.
  2152 | D:3      | 2152 ||| IDENTIFYING murky pink potion
  2153 | D:3      | 2153 ||| READING 2 scrolls of identify.
  2153 | D:3      | 2153 ||| IDENTIFYING sedimented pink potion
  2154 | D:3      | 2154 ||| DROPPING potion of attraction.
  2171 | D:4      | 2171 ||| PLANNING SEWER
  2178 | D:4      | Found a sand-covered staircase.
  2238 | D:4      | Reached skill level 3 in Fighting
  2238 | D:4      | Reached XP level 6. HP: 34/37 MP: 7/7
  2364 | D:4      | Noticed Eustachio
  2382 | D:4      | 2382 ||| FLEEEEING.
  2383 | D:4      | 2383 ||| FLEEEEING.
  2384 | D:4      | 2384 ||| FLEEEEING.
  2385 | D:4      | 2385 ||| FLEEEEING.
  2386 | D:4      | 2386 ||| FLEEEEING.
  2387 | D:4      | 2387 ||| FLEEEEING.
  2389 | D:4      | 2389 ||| FLEEEEING.
  2390 | D:4      | 2390 ||| FLEEEEING.
  2393 | D:4      | 2393 ||| FLEEEEING.
  2394 | D:4      | 2394 ||| FLEEEEING.
  2395 | D:4      | 2395 ||| FLEEEEING.
  2398 | D:4      | 2398 ||| FLEEEEING.
  2399 | D:4      | 2399 ||| FLEEEEING.
  2419 | D:4      | 2419 ||| FLEEEEING.
  2420 | D:4      | 2420 ||| FLEEEEING.
  2421 | D:4      | 2421 ||| FLEEEEING.
  2422 | D:4      | 2422 ||| FLEEEEING.
  2423 | D:4      | 2423 ||| FLEEEEING.
  2424 | D:4      | 2424 ||| FLEEEEING.
  2425 | D:4      | 2425 ||| FLEEEEING.
  2426 | D:4      | 2426 ||| FLEEEEING.
  2427 | D:4      | 2427 ||| STAIRDANCE
  2440 | D:3      | 2440 ||| READING 4 scrolls of identify.
  2440 | D:3      | 2440 ||| IDENTIFYING metallic brown potion
  2441 | D:3      | 2441 ||| READING 3 scrolls of identify.
  2441 | D:3      | 2441 ||| IDENTIFYING lumpy brown potion
  2442 | D:3      | 2442 ||| READING 2 scrolls of identify.
  2442 | D:3      | 2442 ||| IDENTIFYING green potion
  2443 | D:3      | 2443 ||| DROPPING potion of invisibility.
  2444 | D:3      | 2444 ||| DROPPING potion of lignification.
  2467 | D:4      | 2467 ||| STAIRDANCE
  2523 | D:4      | Killed Eustachio
  2524 | D:4      | Reached skill level 6 in Ranged Weapons
  2989 | D:4      | Reached XP level 7. HP: 42/42 MP: 8/8
  3150 | D:4      | 3150 ||| RIP SEWER
  3150 | D:4      | 3150 ||| RIP OSSUARY
  3150 | D:4      | 3150 ||| PLANNING D:1-11
  3150 | D:4      | 3150 ||| UPGRADING to +2 leather armour of fire resistance.
  3160 | D:4      | 3160 ||| DROPPING +0 ring mail.
  3161 | D:4      | 3161 ||| READING scroll labelled LAZ HOXTIH.
  3200 | D:5      | Entered Level 5 of the Dungeon
  3304 | D:5      | 3304 ||| SWAPPING to +0 arbalest.
  3321 | D:5      | 3321 ||| DROPPING +2 sling.
  3367 | D:5      | Reached skill level 7 in Ranged Weapons
  3549 | D:5      | Noticed Blork the orc
  3559 | D:5      | Killed Blork the orc
  3560 | D:5      | Reached skill level 8 in Ranged Weapons
  3560 | D:5      | Reached XP level 8. HP: 47/48 MP: 9/9
  3581 | D:5      | Found an opulent altar of Gozag.
  3584 | D:5      | Found a sacrificial altar of Ru.
  3584 | D:5      | Found an ancient bone altar of Kikubaaqudgha.
  3597 | D:5      | Found an ornate altar of the Wu Jian Council.
  3597 | D:5      | Found a shadowy altar of Dithmenos.
  3597 | D:5      | Found a shimmering altar of Xom.
  3706 | D:5      | Found a staircase to the Ecumenical Temple.
  3707 | D:5      | 3707 ||| PLANNING TEMPLE
  3707 | D:5      | 3707 ||| READING 4 scrolls of identify.
  3707 | D:5      | 3707 ||| IDENTIFYING fizzy sapphire potion
  3708 | D:5      | 3708 ||| READING 3 scrolls of identify.
  3708 | D:5      | 3708 ||| IDENTIFYING dark potion
  3709 | D:5      | 3709 ||| READING 2 scrolls of identify.
  3709 | D:5      | 3709 ||| IDENTIFYING grey potion
  3710 | D:5      | 3710 ||| DROPPING potion of brilliance.
  3711 | D:5      | 3711 ||| DROPPING potion of magic.
  3717 | Temple   | Entered the Ecumenical Temple
  3721 | Temple   | 3721 ||| PLANNING D:1-11
  3906 | D:6      | Noticed Pikel
  3915 | D:6      | 3915 ||| STAIRDANCE
  3923 | D:5      | Killed Pikel
  4014 | D:6      | Found Zoasoudi's Distillery.
  4054 | D:6      | 4054 ||| BUYING potion of curing (39 gold).
  4054 | D:6      | Bought a potion of curing for 39 gold pieces
  4054 | D:6      | 4054 ||| BUYING potion of haste (130 gold).
  4054 | D:6      | Bought a potion of haste for 130 gold pieces
  4054 | D:6      | 4054 ||| BUYING potion of heal wounds (65 gold).
  4054 | D:6      | Bought a potion of heal wounds for 65 gold pieces
  4054 | D:6      | 4054 ||| SHOPLISTING potion of heal wounds (65 gold, have
                  | 27).
  4054 | D:6      | 4054 ||| SHOPLISTING potion of might (52 gold, have 27).
  4054 | D:6      | 4054 ||| SHOPLISTING potion of resistance (130 gold, have
                  | 27).
  4071 | D:6      | Noticed a troll
  4079 | D:6      | HP: 8/49 [troll (8)]
  4079 | D:6      | Slain by a troll

Levels and vault maps discovered:
D:1:      amcnicky_arrival_gap_in_the_tavern_cellar, layout_basic,
          serial_bayou_ford_a
D:2:      layout_loops_ring, uniq_crazy_yiuf_cottage
D:3:      layout_rooms, chequers_jeans
D:4:      layout_basic, portal_sewer_entry_b, enter_ossuary_3,
          hangedman_decor_riveting, uniq_eustachio
D:5:      layout_gridville, doesnt_xom_only_xom,
          minmay_temple_entry_enclosed_plants, uniq_blork_the_orc
D:6:      layout_loops_ring, mainiacjoe_overflow_brackets, serial_shops,
          nicolae_shop_stone, uniq_pikel
Temple:   sentei_temple_godly_chess

Skill      XL: |  1  2  3  4  5  6  7  8 |
---------------+-------------------------+-----
Ranged Weapons | 3 4 5 6 8 |  8.1
Fighting       | 2 3 4 5 |  5.0
Armour         | 1 |  1.3
Dodging        | 4 |  4.4
Spellcasting   | |  1.0
Hexes          | |  2.6

Action                     |  1- 3 |  4- 6 |  7- 9 || total
---------------------------+-------+-------+-------++-------
   Fire: Sling             |   128 |   286 |    32 ||   446
         Arbalest          |       |       |   117 ||   117
    Use: Scroll            |     2 |    12 |     4 ||    18
         Potion            |     1 |       |       ||     1
 Armour: Robe              |     2 |       |       ||     2
         Ring mail         |     8 |   109 |     3 ||   120
         Leather armour    |       |       |    77 ||    77
  Dodge: Dodged            |    24 |   240 |   208 ||   472

Table legend:
 A = Non-vault XP
 B = Vault XP
 C = Vault XP percentage of total XP
 D = Non-vault monster count
 E = Vault monster count
 F = Vault count percentage of total count
                 A         B        C        D         E       F
            +---------+---------+-------+---------+---------+-------
      Total |    1111 |     956 |  46.3 |     105 |       9 |   7.9
            +---------+---------+-------+---------+---------+-------
        D:1 |      29 |       0 |   0.0 |      19 |       0 |   0.0
        D:2 |      59 |       0 |   0.0 |      20 |       0 |   0.0
        D:3 |     190 |       0 |   0.0 |      29 |       0 |   0.0
        D:4 |     153 |     228 |  59.8 |      14 |       7 |  33.3
        D:5 |     669 |     728 |  52.1 |      22 |       2 |   8.3
        D:6 |      11 |       0 |   0.0 |       1 |       0 |   0.0
            +---------+---------+-------+---------+---------+-------
